 Dungeon Crawl Stone Soup version 0.28-a0-1159-g27aa881441 (webtiles) character file.

Game seed: 6542328808697559334

8192 blank1 the Fighter (level 11, -9/104 HPs)
             Began as a Minotaur Fighter on Dec 16, 2021.
             Was an Elder of Okawaru.
             Hit by a javelin thrown by a minotaur (13 damage)
             ... in a Gauntlet.
             The game lasted 00:21:51 (8297 turns).

blank1 the Fighter (Minotaur Fighter)               Turns: 8297, Time: 00:21:52

Health: -9/104     AC: 22    Str: 29    XL:     11   Next: 6%
Magic:  16/22      EV: 13    Int:  5    God:    Okawaru [****..]
Gold:   429        SH:  6    Dex: 15    Spells: 10/10 levels left

rFire   + . .      SeeInvis .   m - +4 whip (vamp)
rCold   . . .      Faith    .   c - +0 buckler
rNeg    . . .      Spirit   .   b - +2 plate armour {rF+}
rPois   .          Reflect  .   E - +2 hat {Stlth+}
rElec   +          Harm     .   i - +0 cloak
rCorr   +          Rampage  .   (no gloves)
Will    .....      NoTele   +   (no boots)
Stlth   ..........              d - amulet of regeneration
HPRegen 1.07/turn               o - +6 ring of strength
MPRegen 0.18/turn               B - ring "Opuph" {rElec rCorr MP+9 Dex+3 Stlth-}

@: heroic, finesse-ful, invisible
A: horns 2, retaliatory headbutt
a: Renounce Religion, Heroism, Finesse


You were in a Gauntlet.
You worshipped Okawaru.
Okawaru was greatly pleased with you.
You visited 2 branches of the dungeon, and saw 10 of its levels.
You also visited: Sewer and Gauntlet.

You collected 429 gold pieces.

Inventory:

Hand Weapons
 a - a +0 flail
 m - a +4 vampiric whip (weapon)
Missiles
 q - 12 boomerangs (quivered)
Armour
 b - a +2 plate armour of fire resistance (worn)
 c - a +0 buckler (worn)
 i - a +0 cloak (worn)
 E - a +2 hat of stealth (worn)
Jewellery
 d - an amulet of regeneration (around neck)
 o - a +6 ring of strength (left hand)
 s - a ring of protection from fire
 A - an amulet of faith
 B - the ring "Opuph" (right hand) {rElec rCorr MP+9 Dex+3 Stlth-}
   (You found it in a Gauntlet)

   [ring of magical power]

   Dex:       It affects your dexterity (+3).
   rElec:     It insulates you from electricity.
   MP:        It affects your magic capacity (+9).
   rCorr:     It protects you from acid and corrosion.
   Stlth:     It makes you less stealthy.
Wands
 e - a wand of acid (12)
 n - a wand of mindburst (15)
 z - a wand of flame (7)
 C - a wand of paralysis (6)
Scrolls
 k - 3 scrolls of vulnerability
 l - a scroll of fog
 p - a scroll of fear
 r - 5 scrolls of teleportation
 u - a scroll of immolation
 y - a scroll of enchant weapon {unknown}
 D - a scroll of identify
Potions
 f - a potion of cancellation
 g - a potion of attraction {unknown}
 h - 5 potions of invisibility
 j - 5 potions of curing
 t - a potion of degeneration {unknown}
 v - 3 potions of haste
 w - 2 potions of heal wounds {unknown}
 x - 3 potions of mutation


   Skills:
 - Level 12.0(17.0) Fighting
 - Level 12.0(17.0) Maces & Flails
 + Level 9.7(14.7) Armour
 - Level 6.0(11.0) Dodging
 - Level 4.0(9.0) Shields
 - Level 4.0 Invocations


You had 10 spell levels left.
You didn't know any spells.
Your spell library contained the following spells:

 Spells                   Type           Power      Damage    Failure   Level
 Pain                     Necr           0%         1d4       97%         1
 Sublimation of Blood     Necr           0%         N/A       99%         2
 Wereblood                Tmut           0%         N/A       99%         2
 Conjure Flame            Conj/Fire      0%         6-21      100%        3
 Ignite Poison            Fire/Tmut/Pois 0%         N/A       100%        3
 Portal Projectile        Hex/Tloc       0%         N/A       100%        3
 Vampiric Draining        Necr           0%         2d6       100%        3
 Leda's Liquefaction      Hex/Erth       0%         N/A       100%        4
 Olgreb's Toxic Radiance  Pois           0%         N/A       100%        4
 Sticky Flame             Conj/Fire      0%         2d3       100%        4
 Ozocubu's Refrigeration  Ice            0%         4d5       100%        7
 Ignition                 Fire           0%         3d3       100%        8
 Animate Skeleton         Necr           Unusable   N/A       N/A         1
 Call Canine Familiar     Summ           Unusable   N/A       N/A         3
 Summon Hydra             Summ           Unusable   N/A       N/A         7

Dungeon Overview and Level Annotations

Branches:
Dungeon (9/15)             Temple (0/1) D:7            Lair (1/6) D:8
    Orc (0/2) D:9           Sewer (visited)         Gauntlet (1/1)

Altars:
Ashenzari
Cheibriados
Gozag
Kikubaaqudgha
Nemelex Xobeh
Okawaru
Qazlal
Trog
Yredelemnul
Zin

Shops:
D:2 !   D:4 *

Annotations:
D:8 2 transporters, spaghetti's ghost, novice OpDe Gauntlet 6 transporters, 2 runed translucent doors


Innate Abilities, Weirdness & Mutations

You have a pair of horns on your head.
You reflexively headbutt those who attack you in melee.


Message History

You gain the combat prowess of a mighty hero.
The minotaur throws a javelin.
The javelin pierces through you!
You can now deal lightning-fast blows.
The minotaur throws a javelin.
The javelin pierces through you but does no damage.
The minotaur hits you with a staff of cold!
The minotaur freezes you! The minotaur gores you.
There is an open door, spattered with blood here.
You hit the minotaur but do no damage.
The minotaur hits you with a staff of cold.
The minotaur freezes you! The minotaur gores you!
The minotaur blocks your attack.
Your headbutt misses the minotaur. You hit the minotaur.
You feel better.
The minotaur is lightly wounded.
You hit the minotaur but do no damage. Your headbutt misses the minotaur.
The minotaur is lightly wounded.
The minotaur closely misses you. You furiously retaliate!
You headbutt the minotaur, but do no damage.
The minotaur gores you!
You hit the minotaur but do no damage. The minotaur blocks your attack.
The minotaur is lightly wounded.
You hit the minotaur but do no damage.
You headbutt the minotaur, but do no damage.
The minotaur is lightly wounded.
You hit the minotaur but do no damage.
The minotaur is lightly wounded.
You hit the minotaur. You headbutt the minotaur!
The minotaur is moderately wounded.
The minotaur hits you with a staff of cold!!
* * * LOW HITPOINT WARNING * * *
The minotaur freezes you.
* * * LOW HITPOINT WARNING * * *
The minotaur gores you.
* * * LOW HITPOINT WARNING * * *
You fade into invisibility!
You block the minotaur's attack. x2
The minotaur throws a javelin.
The javelin pierces through you!
* * * LOW HITPOINT WARNING * * *
The minotaur throws a javelin.
The javelin pierces through you!
You die...

.# .. ### #. #∩#
#.##.# .. ..#.#
#. #.#H#
###.##.#'###.##.
#......@........
#.##.##.##.##.##
#.##.##.##.##.#
#..............
##.##.##.##.##.
###.##.##.##.##.
#...............
#.⌠.⌠.⌠.©.©.⌠.⌠.
#...............


You could see a minotaur.

Vanquished Creatures
  Harold (D:6)
  A worldbinder (Gauntlet)
  A cane toad (Lair:1)
  A torpor snail (Gauntlet)
  2 komodo dragons (Lair:1)
  A rime drake (Lair:1)
  A troll (D:7)
  A hornet (D:9)
  Sigmund (D:4)
  6 yaks (Lair:1)
  6 water moccasins (Lair:1)
  An ice beast (D:7)
  2 orc warriors
  2 hornet zombies (D:8)
  A black bear (D:3)
  2 necrophages
  A centaur (D:8)
  3 wolves (Gauntlet)
  An ogre (D:4)
  2 boggarts (Gauntlet)
  A phantom (D:4)
  3 kobold brigands
  A gnoll sergeant (D:3)
  3 bullfrogs
  A scorpion (D:7)
  A water moccasin skeleton (D:5)
  5 killer bees (D:9)
  5 howler monkeys
  7 wights (D:9)
  2 electric eels (Lair:1)
  2 centaur zombies
  2 bullfrog zombies
  A jelly (D:8)
  A gnoll shaman (D:4)
  Crazy Yiuf (D:5)
  2 hounds (D:6)
  2 orc priests
  2 iguanas
  Natasha (thrice) (D:2)
  9 orc wizards
  A hound zombie (D:5)
  A howler monkey zombie (D:7)
  18 gnolls
  4 adders
  A white imp (D:6)
  An ufetubus (D:5)
  5 worms
  17 orcs
  9 ball pythons
  7 bats
  3 endoplasms
  4 giant cockroaches
  11 goblins
  3 hobgoblins
  12 jackals
  16 kobolds
  4 quokkas
  4 frilled lizards
  10 rats
  A spectral orc (D:7)
223 creatures vanquished.

Vanquished Creatures (others)
  A human (D:4)
1 creature vanquished.

Grand Total: 224 creatures vanquished

Notes
Turn   | Place    | Note
-------+----------+-------------------------------------------
     0 | D:1      | blank1 the Minotaur Fighter began the quest for the Orb.
     0 | D:1      | Reached XP level 1. HP: 19/19 MP: 0/0
   253 | D:1      | Reached XP level 2. HP: 27/27 MP: 1/1
   633 | D:1      | Reached skill level 1 in Dodging
   675 | D:2      | Noticed Natasha
   684 | D:2      | Killed Natasha
   685 | D:2      | Reached XP level 3. HP: 20/33 MP: 2/2
   872 | D:2      | Found Tarien's Distillery.
  1138 | D:2      | Reached XP level 4. HP: 40/40 MP: 3/3
  1378 | D:2      | Noticed Natasha
  1388 | D:2      | Killed Natasha
  1540 | D:2      | Noticed Natasha
  1544 | D:2      | Killed Natasha
  1632 | D:3      | Noticed a gnoll sergeant
  1845 | D:3      | Found a faded altar of an unknown god.
  1973 | D:3      | Reached XP level 5. HP: 44/47 MP: 4/4
  1979 | D:3      | Reached skill level 5 in Fighting
  1979 | D:3      | Reached skill level 5 in Maces & Flails
  2456 | D:4      | Noticed a black bear
  2458 | D:4      | Noticed Sigmund
  2467 | D:3      | Killed a black bear
  2468 | D:3      | Reached XP level 6. HP: 53/57 MP: 5/5
  2475 | D:4      | Killed Sigmund
  2645 | D:4      | Reached XP level 7. HP: 56/64 MP: 6/6
  2964 | D:4      | Found an ancient bone altar of Kikubaaqudgha.
  2967 | D:4      | Noticed a human
  2969 | D:4      | Killed a human
  3032 | D:4      | Found Vyr Guoches's Neck Hole.
  3448 | D:5      | Entered Level 5 of the Dungeon
  3606 | D:5      | Found a runed translucent door.
  3607 | D:5      | Noticed Crazy Yiuf
  3789 | D:5      | Reached XP level 8. HP: 72/74 MP: 7/7
  4339 | D:5      | Killed Crazy Yiuf
  4365 | D:6      | Found a glowing drain.
  4410 | D:6      | Reached skill level 5 in Armour
  4415 | Sewer    | Entered a sewer
  4889 | D:6      | Reached skill level 5 in Dodging
  5034 | D:6      | Found a glowing silver altar of Zin.
  5279 | D:6      | Found an iron altar of Okawaru.
  5287 | D:6      | Became a worshipper of Warmaster Okawaru
  5505 | D:7      | Found a staircase to the Ecumenical Temple.
  5626 | D:7      | Reached skill level 1 in Invocations
  5648 | D:7      | Noticed a troll
  5655 | D:7      | Killed a troll
  5656 | D:7      | Reached XP level 9. HP: 72/83 MP: 9/9
  5696 | D:7      | Found a broken altar of Ashenzari.
  5699 | D:7      | Noticed Harold
  5739 | D:6      | Killed Harold
  5739 | D:6      | Reached * piety under Okawaru
  5740 | D:6      | Reached skill level 10 in Fighting
  5979 | D:7      | Found a stormy altar of Qazlal.
  6096 | D:7      | Found a basalt altar of Yredelemnul.
  6169 | D:8      | Found a bloodstained altar of Trog.
  6172 | D:8      | Found a staircase to the Lair.
  6226 | D:8      | Noticed a two-headed ogre
  6240 | D:8      | Noticed a meliai
  6282 | D:8      | Found a transporter.
  6285 | D:8      | Noticed a tengu warrior
  6290 | D:8      | Noticed spaghetti's ghost (novice OpDe)
  6311 | D:8      | Found a transporter.
  6458 | D:8      | Reached skill level 10 in Maces & Flails
  6490 | D:8      | Reached ** piety under Okawaru
  6753 | D:9      | Found an opulent altar of Gozag.
  6909 | D:9      | Found a snail-covered altar of Cheibriados.
  7005 | D:9      | Reached XP level 10. HP: 83/93 MP: 12/12
  7126 | D:9      | Found a sparkling altar of Nemelex Xobeh.
  7145 | D:9      | Found a staircase to the Orcish Mines.
  7513 | Lair:1   | Entered Level 1 of the Lair of Beasts
  7581 | Lair:1   | Reached *** piety under Okawaru
  7751 | Lair:1   | Reached **** piety under Okawaru
  7866 | Lair:1   | Noticed a cane toad
  7875 | Lair:1   | Killed a cane toad
  7933 | Lair:1   | Found a gate leading to a gauntlet.
  7942 | Gauntlet | Entered a Gauntlet
  7942 | Gauntlet | Noticed a worldbinder
  7942 | Gauntlet | Found a transporter.
  7942 | Gauntlet | Found a transporter.
  7960 | Gauntlet | Found a transporter.
  7964 | Gauntlet | Found a transporter.
  7972 | Gauntlet | Found a transporter.
  7976 | Gauntlet | Found a transporter.
  7980 | Gauntlet | Found a runed translucent door.
  7980 | Gauntlet | Found a runed translucent door.
  7984 | Gauntlet | Found a transporter.
  7984 | Gauntlet | Noticed a fire crab
  7999 | Gauntlet | Found a runed translucent gate.
  8000 | Gauntlet | Found a transporter.
  8000 | Gauntlet | Found a runed translucent gate.
  8001 | Gauntlet | Found a runed translucent gate.
  8004 | Gauntlet | Noticed a cacodemon
  8014 | Gauntlet | Found a transporter.
  8018 | Gauntlet | Found a transporter.
  8023 | Gauntlet | Noticed a torpor snail
  8029 | Gauntlet | Found a transporter.
  8030 | Gauntlet | Found a transporter.
  8081 | Gauntlet | Killed a worldbinder
  8121 | Gauntlet | Reached XP level 11. HP: 96/104 MP: 13/13
  8150 | Gauntlet | Identified the ring "Opuph" {rElec rCorr MP+9 Dex+3 Stlth-}
  8283 | Gauntlet | Identified the +1 tower shield of Qazlal's Whim {Contam
                  | rF+++ SInv Stlth+}
  8283 | Gauntlet | Noticed a minotaur
  8296 | Gauntlet | HP: 3/104 [minotaur/javelin (12)]
  8297 | Gauntlet | Hit by a javelin thrown by a minotaur

Illustrated notes

Levels and vault maps discovered:
D:1:      saegor_arrival_simple_c, layout_rooms, minmay_misc_feat_nine_boxes,
          nrook_uturn, st_stairs_1, hangedman_decor_peaks_small
D:2:      layout_rooms, serial_shops, nicolae_shop_hallway_plus,
          serial_corexii_hall, corexii_hall_statues_i,
          chequers_hall_statues_corner_a, corexii_hall_statues_i,
          chequers_hall_statues_y, corexii_hall_statues_x,
          corexii_hall_statues_l, uniq_natasha
D:3:      layout_basic, chequers_ecumenical_altar_simple
D:4:      layout_basic, tgw_kikubaaqudgha, nicolae_shop_sticking_my_neck_out,
          uniq_sigmund
D:5:      cheibrodos_helix_gallery, layout_basic, uniq_crazy_yiuf_cottage
D:6:      layout_basic, okawaru_altar_gauntlet_db, mainiacjoe_overflow_24_doors,
          cheibrodos_sewer_entry_drain
D:7:      layout_basic, yredelemnul_forgotten_temple_becter,
          ashenzari_conservatory_becter, nicolae_overflow_crystal_walls,
          minmay_temple_entry_grid, uniq_harold
D:8:      layout_basic, lemuel_crystal_altar, lair_entry_dummy,
          nzn_ghost_randoct
D:9:      layout_basic, mainiacjoe_overflow_divided_tiny, lemuel_round_altar,
          orc_0_dummy, minmay_hedge_maze
Lair:1:   layout_regular_city, gauntlet_entry_generic, disabler_island,
          serial_bayou_shore_b, grunt_megastairs_1
Gauntlet: minmay_gauntlet_77_indecision [minmay_gauntlet_arena_77_broken_ladder,
          minmay_gauntlet_arena_77_squiggly,
          minmay_gauntlet_arena_77_tiled_triplets,
          minmay_gauntlet_arena_77_braids, minmay_gauntlet_arena_77_run_for_it,
          minmay_gauntlet_arena_77_shame_cube, gauntlet_exit_green]

Skill      XL: |  1  2  3  4  5  6  7  8  9 10 |
---------------+-------------------------------+-----
Dodging        | 1 2 3 5 6 |  6.0
Fighting       | 4 5 6 8 9 10 12 | 12.0
Maces & Flails | 3 4 5 6 7 8 10 12 | 12.0
Armour         | 4 6 7 9 |  9.7
Shields        | 4 |  4.0
Invocations    | 2 4 |  4.0

Action                   |  1- 3 |  4- 6 |  7- 9 | 10-12 || total
-------------------------+-------+-------+-------+-------++-------
Melee: Flail             |    62 |    15 |       |       ||    77
       Headbutt          |     7 |    18 |   111 |    57 ||   193
       Whip              |       |   101 |   353 |   211 ||   665
Invok: Finesse           |       |       |       |     2 ||     2
       Heroism           |       |       |       |     1 ||     1
  Use: Potion            |       |     1 |     1 |     1 ||     3
       Scroll            |       |       |    15 |     2 ||    17
Armor: Scale mail        |    35 |    34 |    10 |       ||    79
       Plate armour      |       |       |   109 |    52 ||   161
Dodge: Dodged            |    39 |    56 |   107 |    43 ||   245
Block: Buckler           |    13 |    23 |    51 |    22 ||   109

Table legend: (Time is in decaauts)
 A = Elapsed time spent in this place.
 B = Non-inter-level travel time spent in this place.
 C = Inter-level travel time spent in this place.
 D = Time resting spent in this place.
 E = Time spent auto-exploring this place.
 F = Levels seen in this place.
 G = Mean time per level.
                   A        B        C        D        E       F      G
               +--------+--------+--------+--------+--------+-----+--------+
         Total |   8195 |   7758 |    437 |    407 |   5333 |  12 |  682.9 |
       Dungeon |   7035 |   6598 |    437 |    407 |   4905 |   9 |  781.7 |
          Lair |    374 |    374 |      0 |      0 |      0 |   1 |  374.0 |
         Sewer |    457 |    457 |      0 |      0 |    265 |   1 |  457.0 |
      Gauntlet |    328 |    328 |      0 |      0 |    162 |   1 |  328.0 |
               +--------+--------+--------+--------+--------+-----+--------+

Top non-repeatable levels by time:
     D:3: 945 daAuts
     D:5: 906 daAuts
     D:4: 887 daAuts
     D:2: 820 daAuts
     D:6: 816 daAuts
     D:1: 793 daAuts
     D:9: 713 daAuts
     D:8: 604 daAuts
     D:7: 547 daAuts
   Sewer: 457 daAuts
  Lair:1: 374 daAuts
Gauntlet: 328 daAuts
